AoeStats
← 极地沙尘暴

Arena

507283521Analyzed
4v4 RM · 15d ago on Sep 17, 2026· 41m 23s· 8 players
Game mode
Random Map
Map size
Large (8 player)
Population
200
Speed
Normal
Resources
Standard
Victory
Conquest
Starting age
Dark Age
Ending age
Imperial Age
RankedLock teamsTeams togetherTeam positionsShared explorationLock speedFull tech treeHidden civsTurbo modeCheats
Victory
Defeat
🇰🇷 Bohemians · South Korea
1497
+13
🇰🇷 Britons · South Korea
1461
+15
🇨🇦 Cumans · Canada
1415
+18
🇨🇳 Hindustanis · China
1404
+17
🇨🇳 Vietnamese · China
1437
-16
🇨🇳 Franks · China
1437
-16
🇨🇳 Vietnamese · China
1437
-16
🇮🇹 Aztecs · Italy
1422
-15
你好骚啊
10:22 Feudal Age
12:13 Double-Bit Axe
14:33 Castle Age
13:29 Horse Collar
16:06 Wheelbarrow
16:00 Bow Saw
15:52 Heavy Plow
21:55 Hand Cart
22:35 Gold Mining
27:41 Imperial Age
24:59 Loom
25:54 Scale Barding Armor
26:00 Forging
26:04 Stone Mining
26:24 Scale Mail Armor
27:20 Husbandry
27:33 Bloodlines
28:20 Chain Barding Armor
28:36 Iron Casting
28:22 Fletching
29:44 Two-Man Saw
29:16 Crop Rotation
29:08 Arson
30:02 Chatras
31:16 Chemistry
30:22 Squires
31:16 Plate Barding Armor
30:14 Elite Battle Elephant
31:56 Bodkin Arrow
32:01 Padded Archer Armor
33:18 Thumb Ring
32:34 Elite Skirmisher
32:42 Elite Skirmisher
34:18 Bracer
33:44 Imperial Skirmisher
35:00 Leather Archer Armor
极地沙尘暴
11:10 Feudal Age
15:02 Castle Age
13:00 Double-Bit Axe
13:03 Horse Collar
16:14 Bow Saw
16:27 Heavy Plow
21:43 Wheelbarrow
20:55 Loom
22:40 Hand Cart
24:46 Gold Mining
25:18 Stone Mining
29:08 Imperial Age
27:08 Scale Mail Armor
27:18 Forging
27:50 Stone Shaft Mining
27:44 Squires
27:30 Arson
28:53 Chain Mail Armor
29:13 Iron Casting
30:17 Paper Money
30:28 Guilds
31:06 Plate Mail Armor
30:18 Capped Ram
31:03 Elite Fire Lancer
32:14 Fletching
32:24 Padded Archer Armor
33:11 Bodkin Arrow
33:31 Leather Archer Armor
33:01 Pikeman
35:27 Two-Man Saw
35:00 Crop Rotation
34:11 Halberdier
37:35 Ballistics
38:16 Chemistry
37:00 Elite Rattan Archer
39:26 Bracer
39:56 Ring Archer Armor
40:32 Elite Skirmisher
41:18 Thumb Ring
剃刀割猪头
10:37 Feudal Age
12:24 Double-Bit Axe
14:41 Castle Age
16:45 Bow Saw
23:11 Wheelbarrow
24:18 Gold Mining
25:38 Gold Shaft Mining
24:54 Stone Mining
25:21 Hand Cart
24:55 Loom
29:45 Imperial Age
27:31 Forging
28:00 Scale Barding Armor
29:26 Chain Barding Armor
29:08 Husbandry
29:47 Iron Casting
29:46 Scale Mail Armor
29:48 Squires
30:14 #83
29:58 Cavalier
30:39 Chivalry
31:18 Plate Barding Armor
32:25 Blast Furnace
32:00 Conscription
31:38 Town Watch
32:26 Paladin
33:26 Chain Mail Armor
33:03 Fletching
34:32 Hoardings
41:34 Caravan
GdR_Charizard
10:56 Feudal Age
15:14 Castle Age
14:51 Double-Bit Axe
14:58 Gold Mining
15:25 Horse Collar
21:22 Sanctity
22:54 Redemption
24:33 Fervor
25:56 Wheelbarrow
25:58 Gold Shaft Mining
30:56 Hand Cart
32:04 Loom
34:17 Scale Mail Armor
37:13 Imperial Age
35:39 Pikeman
36:19 Squires
36:39 Chain Mail Armor
36:34 Forging
36:37 Bow Saw
36:45 Atonement
38:54 Plate Mail Armor
39:00 Iron Casting
39:12 Heavy Plow
40:31 Garland Wars
40:31 Conscription
42:18 Blast Furnace
AlzzStriker
8:44 Feudal Age
9:14 Double-Bit Axe
9:51 Horse Collar
20:53 Castle Age
18:53 Stone Mining
19:37 Gold Mining
21:59 Bow Saw
23:23 Wheelbarrow
22:33 Town Watch
24:13 Gold Shaft Mining
24:07 Light Cavalry
24:59 Bloodlines
24:59 Fletching
25:44 Bodkin Arrow
25:41 Loom
28:55 Forging
29:39 Padded Archer Armor
30:01 Ballistics
29:52 Masonry
32:38 Imperial Age
34:25 Chemistry
36:01 Conscription
36:17 Hand Cart
36:44 Elite Kipchak
40:54 Two-Man Saw
39:31 Capped Ram
40:26 Cuman Mercenaries
41:13 Parthian Tactics
40:54 Thumb Ring
40:52 Siege Ram
남조선사람
10:30 Feudal Age
14:21 Castle Age
12:17 Double-Bit Axe
12:50 Horse Collar
13:27 Gold Mining
17:14 Loom
21:24 Wheelbarrow
22:49 Bow Saw
28:25 Imperial Age
26:35 Ballistics
26:22 Fletching
26:50 Hand Cart
26:57 Bodkin Arrow
26:52 Town Watch
27:33 Heavy Plow
27:35 Padded Archer Armor
27:38 Pikeman
28:19 Squires
28:21 Scale Mail Armor
28:29 Halberdier
29:10 Bracer
30:47 Chemistry
30:07 Forging
30:44 Chain Mail Armor
31:28 Iron Casting
31:59 Plate Mail Armor
31:52 Leather Archer Armor
33:44 Blast Furnace
33:42 Ring Archer Armor
33:38 Elite Longbowman
34:18 Gambesons
33:53 Man-at-Arms
34:19 Arson
34:35 Long Swordsman
34:38 Capped Ram
35:39 Caravan
35:28 Two-Handed Swordsman
36:23 Murder Holes
36:56 Champion
37:37 Stone Mining
39:35 Two-Man Saw
39:46 Yeomen
40:23 Coinage
BaniWang
4:58 Loom
10:29 Feudal Age
10:53 Horse Collar
16:02 Castle Age
14:14 Double-Bit Axe
17:39 Fervor
17:51 Bow Saw
17:54 Heavy Plow
27:17 Imperial Age
25:32 Wheelbarrow
26:38 Chemistry
27:30 Hand Cart
27:01 Town Watch
28:58 Two-Man Saw
28:42 Wagenburg Tactics
28:57 Conscription
28:25 Pikeman
29:09 Squires
30:57 Halberdier
32:43 Houfnice
33:57 Siege Engineers
34:12 Ballistics
37:17 Forging
37:08 Scale Mail Armor
38:40 Iron Casting
39:31 Chain Mail Armor
41:20 Blast Furnace
42:16 Plate Mail Armor
543880365
9:59 Feudal Age
13:44 Castle Age
11:41 Double-Bit Axe
11:56 Horse Collar
19:49 Bow Saw
21:10 Wheelbarrow
20:54 Heavy Plow
23:13 Hand Cart
22:44 Loom
23:47 Gold Mining
23:47 Stone Mining
24:53 Scale Barding Armor
24:58 Forging
24:41 Town Watch
26:24 Chain Barding Armor
26:56 Gold Shaft Mining
27:32 Iron Casting
27:00 Husbandry
27:11 Bloodlines
30:23 Imperial Age
29:12 Grand Trunk Road
31:17 Heavy Camel Rider
33:01 Blast Furnace
32:36 Plate Barding Armor
32:02 Padded Archer Armor
33:07 Chemistry
32:46 Conscription
32:28 Shatagni
33:02 Imperial Camel Rider
35:25 Ballistics
36:30 Leather Archer Armor
37:41 Ring Archer Armor
37:56 Siege Engineers
38:47 Fletching
39:09 Fortified Wall
39:09 Masonry
38:55 Murder Holes
41:02 Hoardings
40:26 Bodkin Arrow
Connection lost

Rejoining the realm…

Still unreachable

The connection could not be restored.

Session expired

The server has moved on; the page needs a fresh start.